 Dungeon Crawl Stone Soup version 0.29-a0-824-gd827844252 (webtiles) character file.

Game seed: 12482079322517977428

122 coolguy69 the Cutter (level 5, -1/28 HPs)
             Began as a Vine Stalker Monk on July 10, 2022.
             Slain by Grinder (4 damage)
             ... on level 2 of the Dungeon.
             The game lasted 00:02:25 (3302 turns).

coolguy69 the Cutter (Vine Stalker Monk)            Turns: 3302, Time: 00:02:26

Health: -1/28      AC:  2    Str: 16    XL:     5   Next: 6%
Magic:  0/6        EV: 13    Int: 10    God:
Gold:   187        SH:  0    Dex: 16    Spells: 4/4 levels left

rFire   . . .      SeeInvis .   a - +0 short sword
rCold   . . .      Faith    .   (no shield)
rNeg    . . .      Spirit   +   b - +0 robe
rPois   .          Reflect  .   d - +0 helmet
rElec   .          Harm     .   (no cloak)
rCorr   .          Rampage  .   (no gloves)
Will    .....                   (no boots)
Stlth   +++.......              (no amulet)
HPRegen 0.89/turn               (no ring)
MPRegen 0.10/turn               (no ring)

@: brilliant
A: fangs 2, regeneration 1, magic shield, antimagic bite, no potion heal 2,
deformed body
a: no special abilities


You were on level 2 of the Dungeon.
You visited 1 branch of the dungeon, and saw 3 of its levels.

You collected 187 gold pieces.

Inventory:

Hand Weapons
 a - a +0 short sword (weapon)
Armour
 b - a +0 robe (worn)
 d - a +0 helmet (worn)
Jewellery
 i - a +4 ring of protection
 k - a +6 ring of strength
Scrolls
 e - 2 scrolls of enchant weapon {unknown}
 h - 2 scrolls of identify {unknown}
 j - a scroll of vulnerability {unknown}
 l - a scroll of noise {unknown}
 m - a scroll of amnesia {unknown}
Potions
 c - a potion of ambrosia
 f - a potion of degeneration {unknown}
 o - a potion of curing


   Skills:
 + Level 3.3 Fighting
 + Level 3.7 Short Blades
 + Level 3.1 Dodging
 + Level 3.5 Stealth


You had 4 spell levels left.
You didn't know any spells.
Your spell library contained the following spells:

 Spells                   Type           Power      Damage    Failure   Level
 Sandblast                Erth           0%         2d4       36%         1
 Passwall                 Tmut/Erth      0%         N/A       50%         2
 Conjure Flame            Conj/Fire      0%         6-21      75%         3
 Ignite Poison            Fire/Tmut/Pois 0%         N/A       75%         3
 Stone Arrow              Conj/Erth      0%         3d7       75%         3
 Sticky Flame             Conj/Fire      0%         2d3       98%         4


Dungeon Overview and Level Annotations

Branches:
Dungeon (3/15)

Altars:
Ashenzari
Xom

Annotations:
D:2 Grinder


Innate Abilities, Weirdness & Mutations

You have extremely sharp teeth.
Your natural rate of healing is unusually fast.
When hurt, damage is shared between your health and your magic reserves.
Your bite disrupts and absorbs the magic of your enemies.
Potions cannot restore your health.
Armour fits poorly on your strangely shaped body.


Message History

You barely miss Grinder. Your bite misses Grinder.
There are monsters nearby!
You hit Grinder but do no damage. Your bite misses Grinder.
Grinder gestures at you. Pain shoots through your body!
There are monsters nearby!
You hit Grinder but do no damage. You bite Grinder, but do no damage.
Grinder hits you!
You writhe in agony.
There are monsters nearby!
You hit Grinder.
Grinder is lightly wounded.
Grinder barely misses you.
There are monsters nearby!
You barely miss Grinder.
Grinder is lightly wounded.
Grinder says, "Tell me all your secrets, or I'll kill you."
Grinder gestures at you. Pain shoots through your body!
* * * LOW HITPOINT WARNING * * *
Unknown command.
Okay, then.
Grinder attacks as you move away! Grinder hits you.
* * * LOW HITPOINT WARNING * * *
You writhe in agony.
* * * LOW HITPOINT WARNING * * *
Grinder attacks as you move away! Grinder closely misses you.
There is an escape hatch in the ceiling here.
Grinder barely misses you. A mysterious force pulls you upwards.
The hatch slams shut behind you.
Unknown command.
It was a potion of mutation.
You feel extremely strange.
Your body twists and deforms.
Grinder hits you.
* * * LOW HITPOINT WARNING * * *
It was a potion of brilliance.
You feel clever all of a sudden. Grinder hits you.
* * * LOW HITPOINT WARNING * * *
You writhe in agony.
You die...

#.........#.....
#######'#######.......
#≈≈≈≈≈§.§≈≈≈≈≈###.....
#≈§§≈§....≈≈≈≈###.....
#≈§§§......≈≈§##......
#≈§§§..#...§≈≈##......
#≈...##)##.§.§##.####.
#≈...#5.)#..§§#..###..
#≈..#@.#..#..≈#.###..#
#≈...#...#...§### #.##
#≈...##.##...§#####.##
#≈§....#....≈≈#.......
#§≈≈.......≈≈≈#...#.##
#≈≈§§.....≈§≈≈#.<....#
#§≈≈≈≈≈§§§≈§§≈##......
#######§##########.#.#
#..........#...#..


You could see Grinder.

Vanquished Creatures
  Crazy Yiuf (D:2)
  3 adders (D:3)
  A worm (D:2)
  2 dart slugs
  An orc (D:3)
  A ball python (D:3)
  9 endoplasms
  2 giant cockroaches (D:1)
  5 goblins
  6 hobgoblins
  4 jackals (D:2)
  A quokka (D:1)
  7 bats
  3 frilled lizards (D:1)
  3 kobolds
  5 rats
54 creatures vanquished.

Notes
Turn   | Place    | Note
-------+----------+-------------------------------------------
     0 | D:1      | coolguy69 the Vine Stalker Monk began the quest for the
                  | Orb.
     0 | D:1      | Reached XP level 1. HP: 11/11 MP: 2/2
   346 | D:1      | Reached XP level 2. HP: 9/16 MP: 3/3
  1002 | D:1      | Reached XP level 3. HP: 20/20 MP: 4/4
  1045 | D:1      | Found a faded altar of an unknown god.
  1768 | D:2      | Found a shimmering altar of Xom.
  2760 | D:2      | Found a runed translucent door.
  2761 | D:2      | Noticed Crazy Yiuf
  2872 | D:2      | Killed Crazy Yiuf
  2873 | D:2      | Gained mutation: Your natural rate of healing is unusually
                  | fast. [Vine Stalker growth]
  2873 | D:2      | Reached XP level 4. HP: 2/24 MP: 0/5
  2875 | D:2      | Identified the +7 hammer of Fortitude {distort, rF+ Str+3}
  3095 | D:3      | Found a broken altar of Ashenzari.
  3177 | D:3      | Reached XP level 5. HP: 25/28 MP: 6/6
  3290 | D:3      | Noticed Grinder
  3301 | D:2      | Gained mutation: Armour fits poorly on your strangely
                  | shaped body. [potion of mutation]
  3302 | D:2      | Slain by Grinder

Illustrated notes

Levels and vault maps discovered:
D:1:      lemuel_arrival_broad_hall, layout_loops_ring,
          hellmonk_ecumenical_altar_inner_sanctum
D:2:      layout_rooms, basic_altar, minmay_misc_feat_x,
          kennysheep_generic_room_2, uniq_crazy_yiuf_cottage
D:3:      layout_loops_cross, nicolae_overflow_crystal_walls,
          nicolae_wu_jian_glorious_leap, lemuel_round_altar, dk_noncrumbling_4,
          chequers_big_river, uniq_grinder

Skill      XL: |  1  2  3  4 |
---------------+-------------+-----
Short Blades   | 3 |  3.7
Fighting       | 3 |  3.3
Stealth        | 3 |  3.5
Dodging        | 3 |  3.1

Action                   |  1- 3 |  4- 6 || total
-------------------------+-------+-------++-------
Melee: Short sword       |   156 |    26 ||   182
       Bite              |    24 |     8 ||    32
       Punch             |     1 |       ||     1
  Use: Potion            |     4 |     2 ||     6
 Stab: Sleeping          |     5 |     4 ||     9
       Invisible         |     2 |       ||     2
Armor: Robe              |    43 |     4 ||    47
Dodge: Dodged            |   118 |    13 ||   131

Table legend: (Time is in decaauts)
 A = Elapsed time spent in this place.
 B = Non-inter-level travel time spent in this place.
 C = Inter-level travel time spent in this place.
 D = Time resting spent in this place.
 E = Time spent auto-exploring this place.
 F = Levels seen in this place.
 G = Mean time per level.
                   A        B        C        D        E       F      G
               +--------+--------+--------+--------+--------+-----+--------+
         Total |   3295 |   3159 |    136 |    483 |   2206 |   3 | 1098.3 |
       Dungeon |   3295 |   3159 |    136 |    483 |   2206 |   3 | 1098.3 |
               +--------+--------+--------+--------+--------+-----+--------+

Top non-repeatable levels by time:
     D:2: 1551 daAuts
     D:1: 1397 daAuts
     D:3: 346 daAuts
